 Dungeon Crawl Stone Soup version 0.28-a0-863-g8cecda6153 (webtiles) character file.

Game seed: 17696319907174712157

318 ryw the Skirmisher (level 6, -8/78 HPs)
             Began as a Demonspawn Monk on Nov 19, 2021.
             Mangled by an orc warrior (15 damage)
             ... on level 4 of the Dungeon.
             The game lasted 00:07:03 (3623 turns).

ryw the Skirmisher (Demonspawn Monk)                Turns: 3623, Time: 00:07:04

Health: -8/78      AC: 12    Str: 11 (12) XL:     6   Next: 21%
Magic:  6/6        EV:  9    Int: 11 (12) God:
Gold:   126        SH:  0    Dex: 14 (16) Spells: 5/5 levels left

rFire   . . .      SeeInvis .   e - +0 dagger (venom)
rCold   + . .      Faith    .   (no shield)
rNeg    . . .      Spirit   .   h - +0 scale mail
rPois   .          Reflect  .   a - +2 hat
rElec   .          Harm     .   (no cloak)
rCorr   .          Rampage  .   f - +2 pair of gloves
Will    .....                   (no boots)
Stlth   ..........              (no amulet)
HPRegen 0.23/turn               i - ring of protection from cold
MPRegen 0.10/turn               (no ring)

@: berserking, lethally poisoned (-8 -> -12), very quick
A: foul stench 1, condensation shield, demonic touch 1
a: no special abilities


You were on level 4 of the Dungeon.
You visited 1 branch of the dungeon, and saw 4 of its levels.

You collected 126 gold pieces.

Inventory:

Hand Weapons
 e - a +0 dagger of venom (weapon)
Missiles
 c - 7 poisoned darts (quivered)
Armour
 a - a +2 hat (worn)
 f - a +2 pair of gloves (worn)
 h - a +0 scale mail (worn)
Jewellery
 i - a ring of protection from cold (left hand)
Scrolls
 g - a scroll of identify {unknown}
 j - 2 scrolls of enchant weapon {unknown}
 k - 2 scrolls of enchant armour {unknown}
 n - a scroll of vulnerability {unknown}
 p - a scroll of fog {unknown}
 r - a scroll of immolation {unknown}
Potions
 b - 2 potions of degeneration
 l - a potion of invisibility {unknown}
 m - a potion of curing {unknown}
 o - a potion of mutation {unknown}
 q - a potion of magic {unknown}
 s - a potion of heal wounds {unknown}


   Skills:
 + Level 5.6 Fighting
 - Level 0.3 Short Blades
 + Level 3.4 Armour
 - Level 2.6 Dodging
 - Level 1.7 Stealth
 - Level 2.6 Unarmed Combat


You had 5 spell levels left.
You didn't know any spells.
Your spell library was empty.

Dungeon Overview and Level Annotations

Branches:
Dungeon (4/15)
 Temple: D:4-7

Altars:

Annotations:
D:4 Grinder


Innate Abilities, Weirdness & Mutations

You may rarely emit foul miasma when damaged in melee.
A meltable shield of frost defends you. (SH +0)
Your touch may inflict minor irresistible damage on your foes.


Message History

You hit the orc wizard.
The orc wizard is poisoned.
The orc wizard is lightly wounded.
The orc wizard closely misses you. Grinder gestures at you.
Pain shoots through your body! The orc hits you with a +0 club.
Unknown command.
You hear some strange, mumbled words.
A puff of flame appears from out of thin air!
The puff of flame hits you!
Your condensation shield dissipates!
Grinder blinks!
The orc throws a poisoned dart.
The poisoned dart hits you!
You are poisoned.
Unknown command.
It was a potion of degeneration.
There was something very wrong with that liquid.
You feel weakened.
You feel dopey.
You feel clumsy.
You feel very sick.
You hear some strange, mumbled words.
Something tries to affect you, but you resist.
The orc wizard hits you but does no damage.
It was a potion of berserk rage.
A red film seems to cover your vision as you go berserk!
You feel yourself moving faster!
You feel mighty!
You feel sick.
The orc warrior hits you from afar with a +0 glaive!
* * * LOW HITPOINT WARNING * * *
The orc wizard hits you but does no damage.
The orc barely misses you. Something hits you but does no damage.
You're too confused to move!
You feel a strong urge to attack something.
You feel less confused.
You feel sick.
The orc warrior hits you but does no damage.
The orc wizard gestures at you while chanting.
The magic dart hits you.
* * * LOW HITPOINT WARNING * * *
You hit the orc wizard.
The orc wizard looks even sicker.
The orc wizard is moderately wounded.
You feel sick. The orc completely misses you.
Something hits you but does no damage.
The orc warrior hits you from afar with a +0 glaive!
You die...

#...#.........#.
#....###..###...
#.........##...
#......##.##...
#...?..........
#....(.........
###...#.##..#..
##########.).....###.#..
.......@o†5#..#### #.#..
.......o{o.#..# #.##(
........o.##..# #.# .
..).......##o.# #.# .
..........##..#
#########....## ###..#
.. .


You could see Grinder, an orc warrior, 2 orc wizards and an orc.

Vanquished Creatures
  A black bear (D:4)
  A phantom (D:4)
  6 adders
  An ufetubus (D:4)
  2 worms
  3 dart slugs
  An orc (D:4)
  6 endoplasms
  8 giant cockroaches
  5 hobgoblins
  6 quokkas
  8 ball pythons
  9 bats
  3 frilled lizards
  4 goblins
  6 kobolds
  9 rats
79 creatures vanquished.

Notes
Turn   | Place    | Note
-------+----------+-------------------------------------------
     0 | D:1      | ryw the Demonspawn Monk began the quest for the Orb.
     0 | D:1      | Reached XP level 1. HP: 18/18 MP: 1/1
   531 | D:1      | Gained mutation: Your touch may inflict minor irresistible
                  | damage on your foes. [demonic ancestry]
   531 | D:1      | Reached XP level 2. HP: 24/24 MP: 2/2
   908 | D:1      | Reached skill level 4 in Fighting
  1140 | D:1      | Gained mutation: A meltable shield of frost defends you.
                  | (SH +0) [demonic ancestry]
  1140 | D:1      | Reached XP level 3. HP: 30/30 MP: 3/3
  1448 | D:2      | Found a faded altar of an unknown god.
  1505 | D:2      | Reached skill level 1 in Armour
  2053 | D:2      | Reached XP level 4. HP: 38/38 MP: 4/4
  3223 | D:4      | Noticed a phantom
  3253 | D:4      | Killed a phantom
  3254 | D:4      | Reached skill level 5 in Fighting
  3254 | D:4      | Gained mutation: You may rarely emit foul miasma when
                  | damaged in melee. [demonic ancestry]
  3254 | D:4      | Reached XP level 5. HP: 16/44 MP: 5/5
  3506 | D:4      | Noticed a black bear
  3511 | D:4      | Killed a black bear
  3512 | D:4      | Reached XP level 6. HP: 46/51 MP: 6/6
  3595 | D:4      | Noticed Grinder
  3606 | D:4      | Paralysed by Grinder for 5 turns
  3615 | D:4      | Noticed a sky beast
  3616 | D:4      | Noticed an orc warrior
  3623 | D:4      | Mangled by an orc warrior

Illustrated notes

Levels and vault maps discovered:
D:1:      dpeg_arrival_signposts, layout_loops_cross, minmay_misc_feat_square,
          minmay_pentomino_q2
D:2:      layout_loops_corners, ebering_ecumenical_altar_hall,
          minmay_split_cup_large
D:3:      layout_loops_ring
D:4:      layout_rooms, uniq_grinder, uniq_edmund

Skill      XL: |  1  2  3  4  5 |
---------------+----------------+-----
Fighting       | 4 5 |  5.6
Armour         | 1 2 3 |  3.4
Short Blades   | |  0.3
Dodging        | |  2.6
Stealth        | |  1.7
Unarmed Combat | |  2.6

Action                   |  1- 3 |  4- 6 || total
-------------------------+-------+-------++-------
Melee: Unarmed           |    24 |       ||    24
       Dagger            |    95 |   134 ||   229
       Touch             |    25 |    26 ||    51
       Punch             |     2 |     1 ||     3
  Use: Potion            |       |     2 ||     2
 Stab: Sleeping          |     2 |       ||     2
Armor: Robe              |    11 |       ||    11
       Ring mail         |    15 |       ||    15
       Scale mail        |    16 |    62 ||    78
Dodge: Dodged            |    63 |    62 ||   125
Block: Other             |    12 |    13 ||    25

Table legend: (Time is in decaauts)
 A = Elapsed time spent in this place.
 B = Non-inter-level travel time spent in this place.
 C = Inter-level travel time spent in this place.
 D = Time resting spent in this place.
 E = Time spent auto-exploring this place.
 F = Levels seen in this place.
 G = Mean time per level.
                   A        B        C        D        E       F      G
               +--------+--------+--------+--------+--------+-----+--------+
         Total |   3617 |   3411 |    206 |    416 |   2372 |   4 |  904.2 |
       Dungeon |   3617 |   3411 |    206 |    416 |   2372 |   4 |  904.2 |
               +--------+--------+--------+--------+--------+-----+--------+

Top non-repeatable levels by time:
     D:1: 1299 daAuts
     D:2: 1139 daAuts
     D:3: 970 daAuts
     D:4: 208 daAuts
